SAAA
MILTON DOGFISH HEAD @ ALLOWAY HALBERDS
06/30/2022
 
TOP OF THE 1ST
Milton Dogfish Head batting - Pitching for Alloway Halberds : RHP José Alfonzo
Pitching: RHP José Alfonzo
Batting: RHB David Sánchez 0-0: Called Strike
0-1: Ball
1-1: SINGLE (Groundball, 25) (infield hit)
Batting: RHB José Correa Pickoff Throw to First - Error! E1
David Sánchez to second
0-0: Ball
1-0: Foul Ball, location: 2F
1-1: SINGLE (Groundball, 5D)
David Sánchez to third
Batting: RHB Leonard James 0-0: Called Strike
0-1: Ground out 4-3 (Groundball, 4M)
David Sánchez scores
José Correa to second
Batting: RHB Roy Childress 0-0: Called Strike
0-1: Ball
1-1: Swinging Strike
1-2: SINGLE (Line Drive, 4MD)
José Correa to third
Runner from 3rd tries for Home, SAFE, no throw or cutoff
Batting: LHB Sergio Muńóz 0-0: Ball
1-0: Called Strike
1-1: Grounds into double play, 4-6-3 (Groundball, 4)
Top of the 1st over - 2 run(s), 3 hit(s), 1 error(s), 0 left on base; Milton 2 - Alloway 0
BOTTOM OF THE 1ST
Alloway Halberds batting - Pitching for Milton Dogfish Head : RHP Francisco Barrios
Pitching: RHP Francisco Barrios
Batting: LHB Ramón Rivera 0-0: Ball
1-0: Ball
2-0: Ground out 4-3 (Groundball, 4M)
Batting: RHB Tracy Larson 0-0: Called Strike
0-1: Swinging Strike
0-2: Ball
1-2: Ball
2-2: Ball
3-2: Foul Ball, location: 2F
3-2: Foul Ball, location: 2F
3-2: Ground out 3-1 (Groundball, 34S)
Batting: RHB Dave Ash 0-0: Called Strike
0-1: Ball
1-1: Called Strike
1-2: Ball
2-2: Foul Ball, location: 2F
2-2: Ball
3-2: Base on Balls
Batting: RHB Stefano Gaddi 0-0: Ball
1-0: Foul Ball, location: 2F
1-1: Ball
2-1: 2-RUN HOME RUN (Flyball, 7D), Distance : 375 ft
Batting: RHB Nam-sup Yi 0-0: Ball
1-0: Ball
2-0: Ball
3-0: Called Strike
3-1: Swinging Strike
3-2: Foul Ball, location: 2F
3-2: Base on Balls
Batting: LHB Luis Gutiérrez 0-0: Called Strike
0-1: Foul Ball, location: 2F
0-2: Ball
1-2: Fly out, F6 (Popup, 4M)
Bottom of the 1st over - 2 run(s), 1 hit(s), 0 error(s), 1 left on base; Milton 2 - Alloway 2
TOP OF THE 2ND
Milton Dogfish Head batting - Pitching for Alloway Halberds : RHP José Alfonzo
Batting: RHB César Garza 0-0: Foul Ball, location: 2F
0-1: Ground out 1-3 (Groundball, 15)
Batting: LHB Jeffrey Gregg 0-0: Called Strike
0-1: Swinging Strike
0-2: Ball
1-2: Strikes out looking
Batting: LHB Sean Booth 0-0: Ball
1-0: Foul Ball, location: 2F
1-1: Called Strike
1-2: Ball
2-2: Ball
3-2: Fly out, F9 (Flyball, 9S)
Top of the 2nd over - 0 run(s), 0 hit(s), 0 error(s), 0 left on base; Milton 2 - Alloway 2
BOTTOM OF THE 2ND
Alloway Halberds batting - Pitching for Milton Dogfish Head : RHP Francisco Barrios
Batting: SHB Ron Peterson 0-0: Called Strike
0-1: Swinging Strike
0-2: Strikes out swinging
Batting: LHB Mark Crawford 0-0: Ball
1-0: Swinging Strike
1-1: Called Strike
1-2: Strikes out swinging
Batting: RHB Maurice Wiebe 0-0: Called Strike
0-1: Ball
1-1: Fly out, F8 (Flyball, 8RM)
Bottom of the 2nd over - 0 run(s), 0 hit(s), 0 error(s), 0 left on base; Milton 2 - Alloway 2
TOP OF THE 3RD
Milton Dogfish Head batting - Pitching for Alloway Halberds : RHP José Alfonzo
Batting: SHB Theodore Buck 0-0: Called Strike
0-1: Ball
1-1: Swinging Strike
1-2: Foul Ball, location: 2F
1-2: Ball
2-2: Ball
3-2: Base on Balls
Batting: RHB David Sánchez 0-0: Ball
1-0: Ball
2-0: Fly out, F8 (Flyball, 8LM)
Batting: RHB José Correa 0-0: Foul Ball, location: 2F
0-1: Ball
1-1: Swinging Strike
1-2: Ball
2-2: Ball
3-2: Base on Balls
Theodore Buck to second
Batting: RHB Leonard James 0-0: Ball
1-0: Ball
2-0: Ball
3-0: Base on Balls
Theodore Buck to third
José Correa to second
Batting: RHB Roy Childress 0-0: Called Strike
0-1: Foul Ball, location: 2F
0-2: Foul Ball, location: 2F
0-2: Ball
1-2: Fly out, F4 (Popup, 34)
Batting: LHB Sergio Muńóz 0-0: Swinging Strike
0-1: Ball
1-1: Swinging Strike
1-2: Foul Ball, location: 2F
1-2: Strikes out swinging
Top of the 3rd over - 0 run(s), 0 hit(s), 0 error(s), 3 left on base; Milton 2 - Alloway 2
BOTTOM OF THE 3RD
Alloway Halberds batting - Pitching for Milton Dogfish Head : RHP Francisco Barrios
Batting: LHB Ramón Rivera 0-0: Ground out 4-3 (Groundball, 4)
Batting: RHB Tracy Larson 0-0: Called Strike
0-1: Called Strike
0-2: Ball
1-2: Strikes out looking
Batting: RHB Dave Ash 0-0: Ground out 4-3 (Groundball, 4M)
Bottom of the 3rd over - 0 run(s), 0 hit(s), 0 error(s), 0 left on base; Milton 2 - Alloway 2
TOP OF THE 4TH
Milton Dogfish Head batting - Pitching for Alloway Halberds : RHP José Alfonzo
Batting: RHB César Garza 0-0: Ball
1-0: Called Strike
1-1: Swinging Strike
1-2: Strikes out looking
Batting: LHB Jeffrey Gregg 0-0: Called Strike
0-1: Foul Ball, location: 2F
0-2: Foul Ball, location: 2F
0-2: Strikes out swinging
Batting: LHB Sean Booth 0-0: Ball
1-0: Fly out, F2 (Popup, 25F)
Top of the 4th over - 0 run(s), 0 hit(s), 0 error(s), 0 left on base; Milton 2 - Alloway 2
BOTTOM OF THE 4TH
Alloway Halberds batting - Pitching for Milton Dogfish Head : RHP Francisco Barrios
Batting: RHB Stefano Gaddi 0-0: Ball
1-0: Ball
2-0: Ground out 6-3 (Groundball, 6)
Batting: RHB Nam-sup Yi 0-0: Called Strike
0-1: Foul Ball, location: 2F
0-2: Strikes out swinging
Batting: LHB Luis Gutiérrez 0-0: Called Strike
0-1: Foul Ball, location: 2F
0-2: Ball
1-2: Foul Ball, location: 2F
1-2: Ball
2-2: SOLO HOME RUN (Flyball, 7D), Distance : 378 ft
Batting: SHB Ron Peterson 0-0: SINGLE (Groundball, 4M)
Batting: LHB Mark Crawford 0-0: Fly out, F3 (Popup, 34)
Bottom of the 4th over - 1 run(s), 2 hit(s), 0 error(s), 1 left on base; Milton 2 - Alloway 3
TOP OF THE 5TH
Milton Dogfish Head batting - Pitching for Alloway Halberds : RHP José Alfonzo
Batting: SHB Theodore Buck 0-0: Ball
1-0: Foul Ball, location: 2F
1-1: Foul Ball, location: 2F
1-2: Foul Ball, location: 2F
1-2: Ground out 1-3 (Groundball, 25)
Batting: RHB David Sánchez 0-0: Ball
1-0: Called Strike
1-1: Foul Ball, location: 2F
1-2: Fly out, F7 (Flyball, 78M)
Batting: RHB José Correa 0-0: Ball
1-0: SINGLE (Groundball, 5L)
Batting: RHB Leonard James 0-0: Ball
1-0: Called Strike
1-1: Fielders Choice at 2nd, U6 (Groundball, 6M)
Top of the 5th over - 0 run(s), 1 hit(s), 0 error(s), 1 left on base; Milton 2 - Alloway 3
BOTTOM OF THE 5TH
Alloway Halberds batting - Pitching for Milton Dogfish Head : RHP Francisco Barrios
Batting: RHB Maurice Wiebe 0-0: Called Strike
0-1: Ball
1-1: Fly out, F8 (Flyball, 8RM)
Batting: LHB Ramón Rivera 0-0: Ball
1-0: Ball
2-0: Ball
3-0: Called Strike
3-1: Foul Ball, location: 2F
3-2: Foul Ball, location: 2F
3-2: Foul Ball, location: 2F
3-2: Strikes out swinging
Batting: RHB Tracy Larson 0-0: Called Strike
0-1: Ball
1-1: Called Strike
1-2: Ball
2-2: Fly out, F4 (Popup, 4)
Bottom of the 5th over - 0 run(s), 0 hit(s), 0 error(s), 0 left on base; Milton 2 - Alloway 3
TOP OF THE 6TH
Milton Dogfish Head batting - Pitching for Alloway Halberds : RHP José Alfonzo
Batting: RHB Roy Childress 0-0: Ball
1-0: Swinging Strike
1-1: DOUBLE (Flyball, 89XD)
Batting: LHB Sergio Muńóz 0-0: Ball
1-0: Foul Ball, location: 2F
1-1: Ground out 3-1 (Groundball, 3)
Roy Childress to third
Batting: RHB César Garza 0-0: Foul Ball, location: 2F
0-1: Called Strike
0-2: Strikes out swinging
Batting: LHB Jeffrey Gregg 0-0: Called Strike
0-1: Ball
1-1: Ball
2-1: Ball
3-1: Base on Balls
Batting: LHB Sean Booth 0-0: Foul Ball, location: 2F
0-1: Ball
1-1: Ball
2-1: Fly out, F7 (Flyball, 7LM)
Top of the 6th over - 0 run(s), 1 hit(s), 0 error(s), 2 left on base; Milton 2 - Alloway 3
BOTTOM OF THE 6TH
Alloway Halberds batting - Pitching for Milton Dogfish Head : RHP Francisco Barrios
Batting: RHB Dave Ash 0-0: Fly out, F5 (Line Drive, 56)
Batting: RHB Stefano Gaddi 0-0: Swinging Strike
0-1: Called Strike
0-2: Ball
1-2: Ball
2-2: Strikes out swinging
Batting: RHB Nam-sup Yi 0-0: Ball
1-0: SINGLE (Flyball, 78S)
Batting: LHB Luis Gutiérrez 0-0: Fly out, F7 (Flyball, 7M)
Bottom of the 6th over - 0 run(s), 1 hit(s), 0 error(s), 1 left on base; Milton 2 - Alloway 3
TOP OF THE 7TH
Milton Dogfish Head batting - Pitching for Alloway Halberds : RHP José Alfonzo
Batting: SHB Theodore Buck 0-0: Ball
1-0: Ball
2-0: Ball
3-0: Called Strike
3-1: Foul Ball, location: 2F
3-2: Reached on error, E3 (Groundball, 3)
Pitching: RHP Joe Holmes
Batting: RHB David Sánchez 0-0: Fly out, F7 (Line Drive, 7S)
Batting: RHB José Correa 0-0: Called Strike
0-1: Swinging Strike
0-2: Strikes out swinging
Pinch Hitting: RHB Lane Hancock 0-0: Swinging Strike
0-1: Ball
1-1: Swinging Strike
1-2: Ball
2-2: Strikes out swinging
Top of the 7th over - 0 run(s), 0 hit(s), 1 error(s), 1 left on base; Milton 2 - Alloway 3
BOTTOM OF THE 7TH
Alloway Halberds batting - Pitching for Milton Dogfish Head : RHP Francisco Barrios
Now in LF: Jorge Montoya
Batting: SHB Ron Peterson 0-0: Ball
1-0: Called Strike
1-1: Ball
2-1: Called Strike
2-2: Fly out, F6 (Line Drive, 6M)
Batting: LHB Mark Crawford 0-0: Fly out, F8 (Flyball, 8RD)
Batting: RHB Maurice Wiebe 0-0: Foul Ball, location: 2F
0-1: Ball
1-1: Foul Ball, location: 2F
1-2: Ball
2-2: Strikes out swinging
Bottom of the 7th over - 0 run(s), 0 hit(s), 0 error(s), 0 left on base; Milton 2 - Alloway 3
TOP OF THE 8TH
Milton Dogfish Head batting - Pitching for Alloway Halberds : RHP Joe Holmes
Pitching: RHP Orlando De Jesús
Batting: RHB Roy Childress 0-0: Ball
1-0: Called Strike
1-1: Called Strike
1-2: Ball
2-2: Foul Ball, location: 2F
2-2: Ground out 3-1 (Groundball, 34)
Pitching: LHP Jim Unknown
Batting: LHB Sergio Muńóz 0-0: Foul Ball, location: 2F
0-1: Foul Ball, location: 2F
0-2: Strikes out swinging
Batting: RHB César Garza 0-0: Called Strike
0-1: Swinging Strike
0-2: SINGLE (Line Drive, 89S)
Batting: LHB Jeffrey Gregg 0-0: Called Strike
0-1: Ball
1-1: Ball
2-1: Swinging Strike
2-2: Ball
3-2: Base on Balls
César Garza to second
Batting: LHB Sean Booth 0-0: Called Strike
0-1: Called Strike
0-2: Ball
1-2: Foul Ball, location: 2F
1-2: Ball
2-2: Foul Ball, location: 2F
2-2: Ball
3-2: Base on Balls
César Garza to third
Jeffrey Gregg to second
Pinch Hitting: RHB William Hull 0-0: Ball
Wild Pitch!
César Garza scores
Jeffrey Gregg to third
Sean Booth to second
1-0: Swinging Strike
1-1: Ball
2-1: Foul Ball, location: 2F
2-2: Strikes out swinging
Top of the 8th over - 1 run(s), 1 hit(s), 0 error(s), 2 left on base; Milton 3 - Alloway 3
BOTTOM OF THE 8TH
Alloway Halberds batting - Pitching for Milton Dogfish Head : RHP Francisco Barrios
Pitching: LHP Albert Lucas
Now at 2B: William Hull
Pinch Hitting: RHB Dennis Clifton 0-0: Called Strike
0-1: Swinging Strike
0-2: Ground out 6-3 (Groundball, 6M)
Batting: RHB Tracy Larson 0-0: Fly out, F9 (Flyball, 9S)
Batting: RHB Dave Ash 0-0: Ball
1-0: Fly out, F8 (Line Drive, 8RS)
Bottom of the 8th over - 0 run(s), 0 hit(s), 0 error(s), 0 left on base; Milton 3 - Alloway 3
TOP OF THE 9TH
Milton Dogfish Head batting - Pitching for Alloway Halberds : LHP Jim Unknown
Pitching: RHP Jim Unknown
Now in RF: Jonathan Cundall
Batting: RHB David Sánchez 0-0: Foul Ball, location: 2F
0-1: Ball
1-1: Ball
2-1: Fly out, F9 (Flyball, 9M)
Batting: RHB José Correa 0-0: Ball
1-0: Ground out 5-3 (Groundball, 56)
Pinch Hitting: RHB Fernando López 0-0: Ball
1-0: Ball
2-0: Ball
3-0: Base on Balls
Batting: RHB Roy Childress 0-0: Foul Ball, location: 2F
0-1: Ground out 5-3 (Groundball, 56S)
Top of the 9th over - 0 run(s), 0 hit(s), 0 error(s), 1 left on base; Milton 3 - Alloway 3
BOTTOM OF THE 9TH
Alloway Halberds batting - Pitching for Milton Dogfish Head : LHP Albert Lucas
Pitching: RHP Luis De La Hoya
Now in LF: Jean Lemaire
Batting: RHB Stefano Gaddi 0-0: Ground out 5-3 (Groundball, 56)
Batting: RHB Nam-sup Yi 0-0: Ball
1-0: Ball
2-0: Ball
3-0: Base on Balls
Batting: LHB Luis Gutiérrez 0-0: Ball
1-0: Swinging Strike
1-1: Swinging Strike
1-2: Ball
2-2: Strikes out looking
Batting: SHB Ron Peterson 0-0: Called Strike
0-1: Foul Ball, location: 2F
0-2: Ball
1-2: SINGLE (Groundball, 56D)
Nam-sup Yi to second
Batting: LHB Mark Crawford 0-0: Ball
1-0: Ground out 4-3 (Groundball, 4)
Bottom of the 9th over - 0 run(s), 1 hit(s), 0 error(s), 2 left on base; Milton 3 - Alloway 3
TOP OF THE 10TH
Milton Dogfish Head batting - Pitching for Alloway Halberds : RHP Jim Unknown
Batting: LHB Sergio Muńóz 0-0: Ball
1-0: Ground out U3 (Groundball, 3)
Pinch Hitting: LHB Imre Brincka 0-0: Ball
1-0: Called Strike
1-1: Called Strike
1-2: Ball
2-2: Fly out, F7 (Flyball, 78M)
Batting: LHB Jeffrey Gregg 0-0: Ball
1-0: SOLO HOME RUN (Flyball, 9D), Distance : 377 ft
Batting: LHB Sean Booth 0-0: Ball
1-0: Foul Ball, location: 2F
1-1: Ball
2-1: SOLO HOME RUN (Flyball, 9D), Distance : 374 ft
Batting: RHB William Hull 0-0: Called Strike
0-1: Reached on error, E4 (Groundball, 4)
Batting: RHB David Sánchez 0-0: Called Strike
0-1: Ground out 1-3 (Groundball, 15S)
Top of the 10th over - 2 run(s), 2 hit(s), 1 error(s), 1 left on base; Milton 5 - Alloway 3
BOTTOM OF THE 10TH
Alloway Halberds batting - Pitching for Milton Dogfish Head : RHP Luis De La Hoya
Now at 1B: Denis Taylor
Batting: RHB Maurice Wiebe 0-0: Ball
1-0: Called Strike
1-1: Foul Ball, location: 2F
1-2: Strikes out swinging
Batting: RHB Jonathan Cundall 0-0: Called Strike
0-1: Ball
1-1: Foul Ball, location: 2F
1-2: Ball
2-2: Foul Ball, location: 2F
2-2: Foul Ball, location: 2F
2-2: Strikes out swinging
Batting: RHB Tracy Larson 0-0: Called Strike
0-1: Ball
1-1: Ball
2-1: Ball
3-1: Ground out 4-3 (Groundball, 4)
Bottom of the 10th over - 0 run(s), 0 hit(s), 0 error(s), 0 left on base; Milton 5 - Alloway 3
This league is powered by Out of the Park Baseball, the baseball management simulation game for PC, Mac and Linux
Friday, April 15th, 2016 - OOTP Baseball 16.9 Build 39